 Dungeon Crawl Stone Soup version 0.24.0-37-gcf1ca852f1 (webtiles) character file.

Game seed: 6844310977541340938, levelgen mode: deterministic

60 Descartes the Ducker (level 3, 0/17 HPs)
             Began as a Felid Monk on Dec 5, 2019.
             Killed by nerve-wracking pain
             ... invoked by Jessica
              (12 damage)
             ... on level 2 of the Dungeon.
             The game lasted 00:04:07 (1621 turns).

Descartes the Ducker (Felid Monk)                   Turns: 1621, Time: 00:04:08

Health: 0/17       AC:  1    Str:  8    XL:     3   Next: 82%
Magic:  4/4        EV: 20    Int: 11    God:
Gold:   76         SH:  0    Dex: 18    Spells: 2/2 levels left
                                        Lives:  0   Deaths: 0

rFire    . . .     SeeInvis +     - Unarmed
rCold    . . .     Gourm    .   (shield unavailable)
rNeg     . . .     Faith    .   (armour unavailable)
rPois    .         Spirit   .   (helmet unavailable)
rElec    .         Reflect  .   (cloak unavailable)
rCorr    .         Harm     .   (gloves unavailable)
MR       .....                  (boots unavailable)
Stlth    +++.......             (no amulet)
HPRegen  0.05/turn              (no ring)
MPRegen  0.09/turn              (no ring)

@: quick
A: very small, no armour, no weapons or thrown items, stealth, claws 1, fangs 3,
see invisible, carnivore, speed 1, shaggy fur 1, slow metabolism 1, sharp paws
a: no special abilities


You were on level 2 of the Dungeon.
You were completely stuffed.

You visited 1 branch of the dungeon, and saw 2 of its levels.

You collected 76 gold pieces.

Inventory:

Scrolls
 b - 2 scrolls of identify {unknown}
 c - a scroll of fear {unknown}
 h - a scroll of immolation {unknown}
Potions
 d - a potion of brilliance {unknown}
 e - a potion of heal wounds {unknown}
Comestibles
 a - 2 rations
 f - 3 chunks of flesh


   Skills:
 + Level 3.6 Fighting
 + Level 4.6 Dodging
 + Level 3.3 Stealth
 * Level 3.7 Unarmed Combat


You had 2 spell levels left.
You didn't know any spells.
Your spell library was empty.

Dungeon Overview and Level Annotations

Branches:
Dungeon (2/15)

Altars:

Annotations:
D:2 Jessica


Innate Abilities, Weirdness & Mutations

You cannot wear armour.
You are incapable of wielding weapons or throwing items.
Your paws allow you to move quietly. (Stealth)
You have sharp claws.
You have razor-sharp teeth.
You have supernaturally acute eyesight. (SInv)
You are carnivorous and can eat meat at any time.
You cover ground quickly.
You are covered in fur. (AC +1)
You have a slow metabolism.
Your sharp claws are effective at attacking unaware monsters.


Message History

a cursed -1 club; a hobgoblin skeleton Eating one of 4 chunks of flesh.
You eat one of the 4 chunks of flesh.
This raw flesh tastes great.
Found a stone staircase leading up.
Things that are here:
a cursed -1 club; a hobgoblin skeleton Jessica the Apprentice Sorceress comes into view.
Jessica shouts!
Jessica gestures wildly while chanting.
Jessica seems to speed up.
Jessica mumbles some strange words.
Jessica blinks!
Jessica casts a spell at you. Pain shoots through your body!
A kobold comes into view.
The kobold shouts!
Jessica casts a spell at you. Pain shoots through your body!
Ouch! That really hurt!
You die...

#....)...#
#.####........#
##...##...<....#
#....##........#
K...##........#
##...##...รท....###
####....###.........#
.......@# #.........#
#...@# #.........#
#....# #.........#
###..# #.........#
##.###.........####
####..##.............
#.....##.............
#......##.#####......
#......##.# #......
#......##.# #......


You could see Jessica and a kobold.

Vanquished Creatures
  3 adders (D:2)
  2 worms (D:2)
  A dart slug (D:1)
  A leopard gecko (D:1)
  3 giant cockroaches
  3 goblins
  3 hobgoblins
  A bat (D:2)
  4 frilled lizards
  3 kobolds
  A rat (D:1)
25 creatures vanquished.

Notes
Turn   | Place    | Note
-------+----------+-------------------------------------------
     0 | D:1      | Descartes the Felid Monk began the quest for the Orb.
     0 | D:1      | Reached XP level 1. HP: 10/10 MP: 2/2
   256 | D:1      | Reached XP level 2. HP: 9/14 MP: 3/3
   903 | D:2      | Reached XP level 3. HP: 16/17 MP: 4/4
  1614 | D:2      | Noticed Jessica
  1621 | D:2      | Killed from afar by Jessica

Levels and vault maps discovered:
D:1:      dpeg_arrival_orchard, layout_rooms
D:2:      layout_basic, first_ration, minmay_close_crescents,
          uniq_crazy_yiuf_cottage, uniq_jessica

Skill      XL: |  1  2 |
---------------+-------+-----
Stealth        | 3 |  3.3
Fighting       | |  3.6
Dodging        | |  4.6
Unarmed Combat | |  3.7

Action                   || total
-------------------------++-------
Melee: Unarmed           ||    66
       Bite              ||     3
       Punch             ||     1
  Use: Potion            ||     2
 Stab: Sleeping          ||     7
  Eat: Chunk             ||     9
Armor: Skin              ||     2
Dodge: Dodged            ||    45
